 Dungeon Crawl Stone Soup version 0.31.0-9-g3a7656b989 (webtiles) character file.

Game seed: 9871384575896743161

165 qw the Shooter (level 5, -1/26 HPs)
             Began as a Spriggan Hunter on Feb 2, 2024.
             Slain by an orc
             ... wielding a +1 hand axe of electrocution
              (18 damage)
             ... on level 4 of the Dungeon.
             The game lasted 00:00:09 (2536 turns).

qw the Shooter (Spriggan Hunter)                    Turns: 2536, Time: 00:00:10

Health: -1/26      AC:  2    Str:  7    XL:     5   Next: 21%
Magic:  6/6        EV: 20    Int: 11    God:
Gold:   250        SH:  0    Dex: 20    Spells: 4/4 levels left

rFire   + . .        a - +0 shortbow
rCold   . . .        (shield currently unavailable)
rNeg    . . .        c - +0 robe
rPois   .            (helmet restricted)
rElec   .            (no cloak)
rCorr   .            (gloves unavailable)
SInv    +            (boots unavailable)
Will    .....        (no amulet)
Stlth   ++           d - ring of protection from fire
HPRegen 0.24/turn    (no ring)
MPRegen 0.10/turn

%: no passive effects
@: very quick
A: very small, no large weapons, unfitting armour, see invisible, speed 3
a: no special abilities


You were on level 4 of the Dungeon.
You visited 1 branch of the dungeon, and saw 4 of its levels.

You collected 250 gold pieces.


Innate Abilities, Weirdness & Mutations

You are very small and have problems with some larger weapons.
You are too small for most types of armour.
You have supernaturally acute eyesight. (SInv)
You cover ground extremely quickly. (Speed+++)


   Skills:
 - Level 2.0 Fighting
 + Level 5.3 Ranged Weapons
 - Level 5.2 Dodging
 - Level 1.5 Stealth


You had 4 spell levels left.
You didn't know any spells.
Your spell library was empty.

Inventory:

Hand Weapons
 a - a +0 shortbow (weapon)
Armour
 c - a +0 robe (worn)
Jewellery
 d - a ring of protection from fire (left hand)
Wands
 b - a wand of roots (5)
 e - a wand of flame (7)
Potions
 f - a potion of heal wounds
 g - a potion of haste {unknown}

Dungeon Overview and Level Annotations

Branches:
Dungeon (4/15)
 Temple: D:4-7

Altars:
Elyvilon
Sif Muna
Wu Jian
Yredelemnul

Shops:
D:1 :


Message History

You climb downwards.
The orc shouts!
You hear a shout! x2
Found a Necronomicon.
There is a stone staircase leading up here.
There are monsters nearby!
Waypoint 3 assigned to D:4.
You shoot an arrow. The orc wizard shouts!
The arrow hits the giant cockroach!
You kill the giant cockroach!
An orc comes into view. It is wielding a +0 club.
An orc comes into view. It is wielding a +2 mace of holy wrath.
You shoot an arrow. The orc shouts!
The arrow hits the orc wizard.
The orc wizard is lightly wounded.
You shoot an arrow.
The arrow hits the orc but does no damage.
You hear a shout!
You shoot an arrow. The arrow hits the orc wizard!
The orc wizard is severely wounded.
An orc comes into view.
It is wielding a +1 hand axe of electrocution.
You shoot an arrow.
The arrow hits the orc wizard but does no damage.
The orc wizard is severely wounded.
The orc wizard gestures wildly while chanting.
The orc wizard flickers and vanishes for a moment.
2531 ||| STAIRDANCE The orc completely misses you.
You climb upwards.
There is a stone staircase leading down here.
You shoot an arrow. The arrow hits the orc.
The orc is moderately wounded.
The orc misses you.
You shoot an arrow. The arrow hits the orc!
You kill the orc!
You climb downwards.
The orc misses you.
The orc hits you with a +2 mace of holy wrath!
The orc hits you but does no damage.
You are electrocuted!!
Ouch! That really hurt!
You die...

....# .. #...#
. #### #...# .#
.....#...#..#
...:.#...#..#
...........
...o...o.#.####
.......@o......
......###...###
..... ..# ....
.# ... # .. #


You could see an orc wizard (invisible) and 2 orcs.

Vanquished Creatures
  An orc priest (D:3)
  Robin (D:3)
  2 adders
  2 dart slugs
  2 ribbon worms (D:2)
  3 orcs (D:3)
  5 bats
  9 endoplasms
  4 giant cockroaches
  12 hobgoblins
  7 jackals (D:1)
  3 quokkas
  5 ball pythons
  3 frilled lizards (D:3)
  11 goblins
  3 kobolds
  15 rats
88 creatures vanquished.

Notes
Turn   | Place    | Note
-------+----------+-------------------------------------------
     0 | D:1      | qw the Spriggan Hunter began the quest for the Orb.
     0 | D:1      | Reached XP level 1. HP: 10/10 MP: 2/2
     0 | D:1      | 0 ||| qw: Version: 0.3-a-155-g5e7d8dd
     0 | D:1      | 0 ||| qw: Game counter: 574
     0 | D:1      | 0 ||| qw: Melee chars always use a shield: true
     0 | D:1      | 0 ||| qw: God list: Okawaru
     0 | D:1      | 0 ||| qw: Allow faded altars: false
     0 | D:1      | 0 ||| qw: Do Orc after clearing Dungeon:15 true
     0 | D:1      | 0 ||| qw: Do second Lair branch before Depths: true
     0 | D:1      | 0 ||| qw: Lair rune preference: random
     0 | D:1      | 0 ||| qw: Goals: Normal
     0 | D:1      | 0 ||| PLANNING D:1-11
    45 | D:1      | Reached skill level 3 in Dodging
    78 | D:1      | HP: 1/10 [jackal (2)]
    82 | D:1      | Reached XP level 2. HP: 3/14 MP: 3/3
    84 | D:1      | HP: 3/14 [endoplasm (1)]
   232 | D:1      | Found a faded altar of an unknown god.
   377 | D:1      | Found Riajaodgh's Book Shoppe.
   420 | D:1      | Reached XP level 3. HP: 18/18 MP: 4/4
   486 | D:1      | 486 ||| READING scroll labelled KAIRURCH BUYKHO.
   486 | D:1      | 486 ||| IDENTIFYING glowing puce potion
   487 | D:1      | 487 ||| READING scroll labelled REUSHU ASTRICO.
   487 | D:1      | Identified a scroll of acquirement
   487 | D:1      | 487 ||| ACQUIRING ring of protection from fire
   487 | D:1      | Acquired a ring of protection from fire
   489 | D:1      | 489 ||| UPGRADING to ring of protection from fire.
   490 | D:1      | 490 ||| DRINKING 2 sedimented black potions.
   517 | D:1      | 517 ||| DROPPING scroll of butterflies.
   518 | D:1      | 518 ||| DROPPING potion of lignification.
   519 | D:1      | 519 ||| DROPPING potion of degeneration.
   546 | D:2      | 546 ||| STAIRDANCE
   736 | D:2      | 736 ||| FLEEEEING.
   742 | D:2      | 742 ||| FLEEEEING.
   910 | D:2      | Reached XP level 4. HP: 22/22 MP: 5/5
  1429 | D:2      | 1429 ||| READING 2 scrolls of identify.
  1429 | D:2      | 1429 ||| IDENTIFYING coppery potion
  1430 | D:2      | 1430 ||| READING scroll of identify.
  1430 | D:2      | 1430 ||| IDENTIFYING scroll labelled GUYSEK LUMMITYRR
  1431 | D:2      | 1431 ||| DROPPING scroll of poison.
  1567 | D:3      | Noticed Robin
  1591 | D:3      | Killed Robin
  1786 | D:3      | Found a shimmering blue altar of Sif Muna.
  1788 | D:3      | Found an ornate altar of the Wu Jian Council.
  2104 | D:3      | Found a white marble altar of Elyvilon.
  2106 | D:3      | Found a basalt altar of Yredelemnul.
  2334 | D:3      | Reached XP level 5. HP: 21/26 MP: 6/6
  2392 | D:3      | Identified the +3 short sword of Collusion {protect, Fly}
  2445 | D:3      | 2445 ||| READING scroll labelled NOTUTZ GASUEW.
  2493 | D:3      | 2493 ||| READING scroll labelled SIRUWI SODENU.
  2531 | D:4      | 2531 ||| STAIRDANCE
  2536 | D:4      | Slain by an orc

Levels and vault maps discovered:
D:1:      evilmike_arrival_fibonacci_small, layout_rooms, serial_shops, shop,
          hellmonk_ecumenical_altar_pennies_from_heaven
D:2:      minmay_recursive_quarters, layout_loops_cross, minmay_rat_gold_closets
D:3:      layout_loops_corners, nicolae_overflow_hidden_temple, st_stairs_5,
          uniq_robin
D:4:      layout_basic, minitemple, minmay_temple_entry_mist, serial_shops,
          shop, uniq_sigmund

Skill      XL: |  1  2  3  4 |
---------------+-------------+-----
Dodging        | 3 4 5 |  5.2
Ranged Weapons | 5 |  5.3
Fighting       | 2 |  2.0
Stealth        | |  1.5

Action                     |  1- 3 |  4- 6 || total
---------------------------+-------+-------++-------
   Fire: Shortbow          |   149 |   137 ||   286
    Use: Scroll            |     2 |     4 ||     6
         Potion            |     1 |       ||     1
 Armour: Robe              |    21 |    21 ||    42
  Dodge: Dodged            |    78 |    98 ||   176

Table legend:
 A = Non-vault XP
 B = Vault XP
 C = Vault XP percentage of total XP
 D = Non-vault monster count
 E = Vault monster count
 F = Vault count percentage of total count
                 A         B        C        D         E       F
            +---------+---------+-------+---------+---------+-------
      Total |     179 |      57 |  24.2 |      61 |      27 |  30.7
            +---------+---------+-------+---------+---------+-------
        D:1 |      45 |       0 |   0.0 |      26 |       0 |   0.0
        D:2 |      55 |      21 |  27.6 |      21 |      14 |  40.0
        D:3 |      77 |      36 |  31.9 |      13 |      13 |  50.0
        D:4 |       2 |       0 |   0.0 |       1 |       0 |   0.0
            +---------+---------+-------+---------+---------+-------
